Map: Newkirk Precinct TE (Void)

Players

thedamn - Winner!

  • Race: Protoss Protoss
  • League: Diamond
  • Spawn Location: 5:00

Musumeci

  • Race: Zerg Zerg
  • League: Diamond
  • Spawn Location: 7:00

VOD

Have the link to the VOD?

Description

Time

  • Played on: Dec. 27, 2016, 10:02 a.m.
  • Length: 7:30
Show
View Real Time Build Order
Export as new Build Order

thedamn Protoss - Winner!

Build Orders: 1 Gate Expand 

Get SALT Encoding   

  12  0:02  Probe (Chrono Boost)  
  13  0:12  Probe (Chrono Boost)  
  14  0:20  Pylon  
  14  0:23  Probe (Chrono Boost)  
  15  0:38  Probe (Chrono Boost)  
  16  0:43  Gateway  
  16  0:48  Probe (Chrono Boost)  
  17  0:54  Assimilator  
  17  0:59  Probe (Chrono Boost)  
  18  1:10  Probe (Chrono Boost)  
  19  1:21  Probe (Chrono Boost)  
  20  1:31  Probe (Chrono Boost)  
  21  1:33  Nexus  
  21  1:41  Cybernetics Core  
  21  1:49  Pylon  
  21  1:52  Probe (Chrono Boost)  
  22  2:02  Assimilator  
  22  2:03  Probe (Chrono Boost)  
  23  2:14  Probe (Chrono Boost)  
  24  2:15  Warp Gate  
  24  2:24  Adept  
  26  2:31  Twilight Council  
  26  2:34  Probe (Chrono Boost)  
  27  2:46  Probe (Chrono Boost)  
  27  2:47  Probe (Chrono Boost)  
  27  2:48  Pylon  
  29  2:51  Adept  
  29  2:56  Resonating Glaives  
  29  2:58  Probe x2 (Chrono Boost)  
  33  3:10  Probe x2 (Chrono Boost)  
  35  3:22  Probe (Chrono Boost)  
  35  3:23  Probe (Chrono Boost)  
  35  3:26  Adept  
  42  3:35  Probe (Chrono Boost)  
  42  3:36  Mothership Core (Chrono Boost)  
  42  3:38  Gateway x2  
  42  3:50  Probe (Chrono Boost)  
  42  3:51  Gateway  
  44  3:55  Probe (Chrono Boost)  
  44  4:02  Adept  
  42  4:12  Probe x2 (Chrono Boost)  
  42  4:15  Gateway  
  42  4:16  Gateway  
  44  4:19  Gateway  
  44  4:21  Pylon  
  44  4:28  Pylon  
  44  4:38  Adept x3  
  50  4:49  Pylon  
  50  4:54  Pylon  
  50  5:05  Adept x4  
  58  5:13  Adept x2  
  62  5:16  Adept  
  64  5:26  Adept x4  
  72  5:46  Adept  
  72  5:47  Adept x6  
  86  5:52  Pylon  
  86  5:53  Pylon  
  80  6:34  Adept x2  
  80  6:35  Adept x5  
  82  7:03  Adept  
  82  7:04  Adept  
  82  7:05  Adept x5  
  90  7:08  Robotics Facility  
  88  7:25  Adept x4  
  88  7:26  Adept x3  
Show
View Real Time Build Order
Export as new Build Order

Musumeci Zerg 

Build Orders: Hatch First 

Get SALT Encoding   

  12  0:02  Drone  
  13  0:08  Drone  
  14  0:19  Drone, Extractor  
  15  0:47  Hatchery  
  14  0:52  Drone, Extractor  
  15  1:08  Spawning Pool  
  15  1:09  Extractor  
  13  1:21  Drone  
  14  1:26  Extractor  
  14  1:27  Drone, Overlord  
  16  1:47  Drone x2  
  18  1:58  Queen  
  18  1:59  Queen  
  18  2:00  Drone x2  
  24  2:09  Drone  
  24  2:12  Drone  
  26  2:18  Drone  
  26  2:21  Overlord  
  27  2:26  Drone  
  28  2:40  Drone, Extractor  
  28  2:41  Drone  
  28  2:43  Drone  
  30  2:47  Drone  
  31  2:55  Drone  
  32  2:59  Drone  
  32  3:04  Drone  
  34  3:06  Overlord x2  
  34  3:12  Zergling x4  
  36  3:27  Drone x5  
  41  3:43  Hatchery  
  41  3:45  Zergling x8  
  41  3:46  Zergling x4  
  44  3:53  Extractor, Roach Warren  
  44  3:55  Extractor  
  36  4:14  Drone  
  36  4:15  Drone x4  
  41  4:19  Metabolic Boost  
  41  4:33  Roach x5  
  51  4:56  Lair  
  51  4:58  Drone x3, Overlord x3  
  54  5:06  Roach  
  56  5:14  Spore Crawler  
  56  5:16  Roach x3, Spore Crawler  
  56  5:18  Spore Crawler  
  59  5:21  Overlord x2  
  59  5:23  Roach  
  60  5:36  Roach x3  
  61  5:58  Roach x2  
  65  6:06  Roach x4  
  65  6:19  Roach x4  
  54  6:46  Drone x9  
  45  7:01  Drone x2  
  33  7:10  Roach  
Tags
 
Add a new tag
Caveats
  • Supply blocks, unpowered buildings, or Contaminate may cause inaccurate times.
  • Supply counts are checked every 10 seconds.